 Dungeon Crawl Stone Soup version 0.21.1-1-g345015f (webtiles) character file.

3593 grindst0ne the Archer (level 9, -9/75 HPs)
             Began as a Centaur Hunter on Feb 28, 2018.
             Was an Elder of Okawaru.
             Mangled by a sixfirhy (11 damage)
             ... summoned by an obsidian statue
             ... on level 8 of the Dungeon.
             The game lasted 00:24:43 (10571 turns).

grindst0ne the Archer (Centaur Hunter)             Turns: 10571, Time: 00:24:43

Health: -9/75      AC:  9    Str: 16    XL:     9   Next: 85%
Magic:  13/13      EV:  9    Int: 13    God:    Okawaru [****..]
Gold:   455        SH:  0    Dex: 13    Spells: 0/8 levels left

rFire    + . .     SeeInvis .   a - +1 shortbow
rCold    . . .     Gourm    .   (shield currently unavailable)
rNeg     . . .     Faith    .   c - +0 leather armour
rPois    .         Spirit   .   x - +2 hat
rElec    .         Reflect  .   o - +0 cloak
rCorr    .         Harm     .   j - +0 pair of gloves
MR       .....                  (no barding)
Stlth    +.........             (no amulet)
HPRegen  0.22/turn              g - +1 ring of protection
MPRegen  0.13/turn              v - ring "Wiumoy" {rF+ Dex+4}

@: very quick
A: large, hooves 3, deformed body, speed 2, tough skin 3
a: Heroism, Renounce Religion


You were on level 8 of the Dungeon.
You worshipped Okawaru.
Okawaru was greatly pleased with you.
You were not hungry.

You visited 1 branch of the dungeon, and saw 8 of its levels.

You collected 455 gold pieces.

Inventory:

Hand Weapons
 a - a +1 shortbow (weapon)
 b - a +0 short sword
Missiles
 d - 39 arrows (quivered)
Armour
 c - a +0 leather armour (worn)
 j - a +0 pair of gloves (worn)
 o - a +0 cloak (worn)
 x - a +2 hat (worn)
Jewellery
 g - a +1 ring of protection (left hand)
 v - the ring "Wiumoy" (right hand) {rF+ Dex+4}
   (You found it on level 7 of the Dungeon)

   [ring of protection from fire]

   It affects your dexterity (+4).
   It protects you from fire.
Wands
 q - a wand of digging (11)
 s - a wand of random effects (33)
 C - a wand of flame (38)
Scrolls
 e - a scroll of enchant weapon
 i - 2 scrolls of remove curse
 k - 2 scrolls of amnesia
 l - 5 scrolls of teleportation
 m - 2 scrolls of enchant armour
 n - a scroll of magic mapping
 r - a scroll of fog
 y - 2 scrolls of immolation
 H - a scroll of random uselessness {unknown}
Potions
 p - 3 potions of curing
 t - a potion of flight
 u - 3 potions of resistance
 w - 2 potions of lignification {unknown}
 z - a potion of cancellation
 A - a potion of mutation {unknown}
 D - a potion of magic
 E - a potion of heal wounds {unknown}
 G - 2 potions of agility {unknown}
Books
 h - a book of Necromancy

   Spells                             Type                      Level
   a - Pain                           Necromancy                   1
   b - Animate Skeleton               Necromancy                   1
   c - Vampiric Draining              Necromancy                   3
   d - Regeneration                   Charms/Necromancy            3
   e - Animate Dead                   Necromancy                   4
   f - Borgnjor's Vile Clutch         Necromancy/Earth             5
 B - a book of Conjurations

   Spells                             Type                      Level
   a - Magic Dart                     Conjuration                  1
   b - Searing Ray                    Conjuration                  2
   c - Dazzling Spray                 Conjuration/Hexes            3
   d - Fulminant Prism                Conjuration/Hexes            4
   e - Force Lance                    Conjuration/Translocation    4
   f - Iskenderun's Mystic Blast      Conjuration                  4
Comestibles
 f - 14 rations


   Skills:
 + Level 6.1 Fighting
 - Level 13.0 Bows
 - Level 1.3 Dodging
 - Level 0.4 Stealth
 + Level 1.7 Necromancy
 + Level 1.6 Earth Magic
 - Level 6.0 Invocations
 + Level 5.1 Evocations


You couldn't memorise any spells.
You knew the following spells:

 Your Spells              Type           Power        Failure   Level  Hunger
a - Regeneration          Chrm/Necr      #.........   63%         3    ####...
b - Borgnjor's Vile Clut  Necr/Erth      #.........   99%         5    ######.


Dungeon Overview and Level Annotations

Branches:
Dungeon (8/15)             Temple (0/1) D:5
   Lair: D:8-11

Altars:
Ashenzari
Hepliaklqana
Kikubaaqudgha
Makhleb
Okawaru
Vehumet

Shops:
D:6 }

Annotations:
D:4 2 transporters
D:8 exclusion: obsidian statue


Innate Abilities, Weirdness & Mutations

You have hooves in place of feet.
Armour fits poorly on your strangely shaped body.
You cover ground very quickly.
You have extremely tough skin. (AC +3)


Message History

The sixfirhy barely misses you. The sixfirhy hits you! The sixfirhy shocks you!
The sixfirhy hits you! The sixfirhy shocks you!
* * * LOW HITPOINT WARNING * * *
The sixfirhy hits you!
* * * LOW HITPOINT WARNING * * *
The sixfirhy shocks you!
* * * LOW HITPOINT WARNING * * *
The sixfirhy closely misses you.
There is a stone staircase leading up here.
The sixfirhy hits you but does no damage.
The sixfirhy barely misses you. The sixfirhy closely misses you.
Okay, then.
As you read the scroll of fog, it crumbles to dust.
The scroll dissolves into smoke.
The sixfirhy hits you but does no damage.
The sixfirhy closely misses you. The sixfirhy hits you.
* * * LOW HITPOINT WARNING * * *
The sixfirhy shocks you!
You die...

##.# #...# #.....#.....####.#.#
.#.###.######.#####....#......#
...)##.# #...# ##.##.......#
#......# #.### ####....5...#
#.....#####.# #.#.....5...#
#.#.........# #...........#
......####################.##.#
................§#########.##.#
..##...#.#######@#§§.#5....##.#
..##.....# #§3§§.5....###.#
......#..# #§§§§.<.....##.#
.........#### #§§.........##.#
...)........# #.§.........##5#
.####.....#.# ##.........###.#
.# ##.#....# ##...#...## #.#
.## #..#...###########.## #.#
..# ##.............##..# #5#


You could see a sixfirhy.

Vanquished Creatures
  An ice statue (D:8)
  Joseph (D:7)
  Prince Ribbit (D:6)
  A water moccasin (D:8)
  An orc warrior (D:8)
  3 ice beasts
  A sky beast (D:5)
  2 ogres
  3 centaurs
  2 big kobolds
  4 bullfrogs
  2 howler monkeys
  2 electric eels (D:6)
  3 crimson imps
  2 jellies (D:5)
  A hound (D:6)
  7 orc priests
  2 bullfrog skeletons
  Crazy Yiuf (D:7)
  Jessica (D:3)
  Ijyb (D:3)
  An iguana (D:5)
  7 orc wizards
  2 hell rats (D:7)
  4 worker ants (D:5)
  A howler monkey skeleton (D:4)
  8 adders
  8 river rats (D:7)
  A shadow imp (D:6)
  An adder zombie (D:6)
  An ooze (D:4)
  An adder skeleton (D:6)
  2 worms
  2 dart slugs (D:2)
  6 leopard geckos
  33 orcs
  4 giant cockroaches
  11 goblins
  8 hobgoblins
  7 jackals
  10 quokkas
  A ball python (D:5)
  9 bats
  4 frilled lizards
  A jackal zombie (D:7)
  20 kobolds
  21 rats
216 creatures vanquished.

Notes
Turn   | Place    | Note
-------+----------+-------------------------------------------
     0 | D:1      | grindst0ne the Centaur Hunter began the quest for the Orb.
     0 | D:1      | Reached XP level 1. HP: 17/17 MP: 1/1
   221 | D:1      | Reached skill level 6 in Bows
   221 | D:1      | Reached XP level 2. HP: 17/24 MP: 2/2
   968 | D:2      | Reached XP level 3. HP: 29/29 MP: 3/3
  1048 | D:2      | Found an iron altar of Okawaru.
  1074 | D:2      | Became a worshipper of Warmaster Okawaru
  1082 | D:2      | Reached skill level 7 in Bows
  1452 | D:2      | Reached XP level 4. HP: 36/36 MP: 4/4
  1727 | D:3      | Reached skill level 8 in Bows
  1885 | D:3      | Reached XP level 5. HP: 23/41 MP: 5/5
  1949 | D:3      | Noticed Jessica
  1950 | D:3      | Killed Jessica
  1950 | D:3      | Reached skill level 9 in Bows
  2052 | D:3      | Noticed Ijyb
  2095 | D:3      | Killed Ijyb
  2095 | D:3      | Reached * piety under Okawaru
  2469 | D:3      | Reached XP level 6. HP: 28/48 MP: 6/6
  2773 | D:4      | Found a shattered altar of Ashenzari.
  3218 | D:4      | Found a transporter.
  3223 | D:4      | Noticed an ice beast
  3223 | D:4      | Noticed an ice beast
  3289 | D:4      | Found a transporter.
  3435 | D:4      | Found a radiant altar of Vehumet.
  3435 | D:4      | Found a burning altar of Makhleb.
  3442 | D:4      | Reached skill level 10 in Bows
  3498 | D:5      | Entered Level 5 of the Dungeon
  3512 | D:5      | Noticed an ice beast
  3558 | D:5      | Killed an ice beast
  3607 | D:5      | Noticed a sky beast
  3635 | D:5      | Killed a sky beast
  3635 | D:5      | Reached skill level 11 in Bows
  3635 | D:5      | Reached XP level 7. HP: 55/55 MP: 7/7
  4210 | D:5      | Reached ** piety under Okawaru
  4268 | D:5      | Reached skill level 12 in Bows
  4833 | D:5      | Found an ancient bone altar of Kikubaaqudgha.
  4843 | D:5      | Found a hazy altar of Hepliaklqana.
  4891 | D:5      | Found a staircase to the Ecumenical Temple.
  5111 | D:5      | Reached XP level 8. HP: 61/61 MP: 8/8
  5543 | D:6      | Found Gupsue's Gadget Shoppe.
  5657 | D:6      | Reached skill level 1 in Invocations
  5657 | D:6      | Reached skill level 1 in Evocations
  5754 | D:6      | Reached skill level 13 in Bows
  5808 | D:6      | Noticed Prince Ribbit
  5828 | D:6      | Killed Prince Ribbit
  5828 | D:6      | Reached *** piety under Okawaru
  6954 | D:7      | Reached XP level 9. HP: 64/72 MP: 10/12
  7051 | D:7      | Found a runed door.
  7119 | D:7      | Noticed Joseph
  7675 | D:7      | Killed Joseph
  8102 | D:7      | Reached **** piety under Okawaru
  8102 | D:7      | Reached skill level 5 in Fighting
  8110 | D:7      | Reached skill level 5 in Invocations
  8318 | D:7      | Got a twitching bronze ring
  8336 | D:7      | Identified the ring "Wiumoy" {rF+ Dex+4} (You found it on level 7 of the Dungeon)
  8709 | D:7      | Noticed Crazy Yiuf
  8733 | D:7      | Killed Crazy Yiuf
  9005 | D:8      | Noticed an obsidian statue
  9016 | D:8      | Learned a level 3 spell: Regeneration
  9022 | D:8      | Learned a level 5 spell: Borgnjor's Vile Clutch
  9338 | D:8      | Reached skill level 1 in Necromancy
  9545 | D:8      | Reached skill level 1 in Earth Magic
  9588 | D:8      | Noticed an ice statue
  9899 | D:8      | Noticed an orange demon
  9902 | D:8      | Noticed a hellwing
 10387 | D:8      | Killed an ice statue
 10387 | D:8      | Reached skill level 5 in Evocations
 10541 | D:8      | Noticed a soul eater
 10541 | D:8      | Noticed a sixfirhy
 10560 | D:8      | HP: 2/75 [sixfirhy[an obsidian statue] (12)]
 10571 | D:8      | HP: 2/75 [sixfirhy[an obsidian statue] (2)]
 10571 | D:8      | Mangled by a sixfirhy

Skill      XL: |  1  2  3  4  5  6  7  8  9 |
---------------+----------------------------+-----
Bows           | 6 7 8 9 11 12 13 | 13.0
Invocations    | 4 6 |  6.0
Evocations     | 3 5 |  5.1
Fighting       | 4 6 |  6.1
Necromancy     | 1 |  1.7
Earth Magic    | 1 |  1.6
Dodging        | |  1.3
Stealth        | |  0.4

Action                   |  1- 3 |  4- 6 |  7- 9 || total
-------------------------+-------+-------+-------++-------
Melee: Short sword       |       |       |    25 ||    25
       Kick              |       |       |     7 ||     7
 Fire: Shortbow          |   143 |   178 |   748 ||  1069
Evoke: Wand              |       |       |     8 ||     8
  Use: Scroll            |       |     6 |     7 ||    13
       Potion            |       |       |     4 ||     4
  Eat: Chunk             |       |     4 |     9 ||    13
       Ration            |       |       |     3 ||     3
Armor: Leather armour    |    22 |     9 |    89 ||   120
Dodge: Dodged            |    28 |    27 |   111 ||   166
